 Dungeon Crawl Stone Soup version 0.28.0-53-g5a82cb258f (webtiles) character file.

Game seed: 10847323459226352455

135 Kranky the Poker (level 4, -3/42 HPs)
             Began as a Minotaur Berserker on June 17, 2022.
             Was a Believer of Trog.
             Slain by a hornet zombie (6 damage)
             ... on level 3 of the Dungeon.
             The game lasted 00:03:21 (1740 turns).

Kranky the Poker (Minotaur Berserker)               Turns: 1740, Time: 00:03:21

Health: -3/42      AC:  5    Str: 24    XL:     4   Next: 96%
Magic:  3/3        EV: 11    Int:  4    God:    Trog [**....]
Gold:   140        SH:  0    Dex:  9    Spells: 3/3 levels left

rFire   . . .      SeeInvis .   a - +0 spear
rCold   . . .      Faith    .   (no shield)
rNeg    . . .      Spirit   .   h - +0 ring mail
rPois   .          Reflect  .   (helmet restricted)
rElec   .          Harm     .   (no cloak)
rCorr   .          Rampage  .   (no gloves)
Will    ++...                   (no boots)
Stlth   ..........              (no amulet)
HPRegen 1.14/turn               (no ring)
MPRegen 0.08/turn               (no ring)

@: strong-willed, regenerating
A: horns 2, retaliatory headbutt
a: Renounce Religion, Berserk, Trog's Hand


You were on level 3 of the Dungeon.
You worshipped Trog.
Trog was pleased with you.
You visited 1 branch of the dungeon, and saw 3 of its levels.

You collected 140 gold pieces.

Inventory:

Hand Weapons
 a - a +0 spear (weapon)
 n - a +3 whip of draining
Armour
 b - a +0 animal skin
 h - a +0 ring mail (worn)
Jewellery
 f - an amulet of regeneration
 j - an amulet of magic regeneration
Wands
 m - a wand of charming (9)
Scrolls
 d - 2 scrolls of identify {unknown}
 g - a scroll of torment {unknown}
 i - a scroll of teleportation {unknown}
 l - a scroll of holy word {unknown}
 o - a scroll of silence {unknown}
 q - a scroll of amnesia {unknown}
 r - a scroll of enchant armour {unknown}
Potions
 c - a potion of lignification {unknown}
 e - a potion of haste {unknown}
 k - a potion of attraction {unknown}
 p - a potion of brilliance {unknown}


   Skills:
 + Level 5.1 Fighting
 - Level 5.5 Polearms
 + Level 3.0 Armour
 - Level 2.1 Dodging


You had 3 spell levels left.
You didn't know any spells.
Your spell library was empty.

Dungeon Overview and Level Annotations

Branches:
Dungeon (3/15)

Altars:


Innate Abilities, Weirdness & Mutations

You have a pair of horns on your head.
You reflexively headbutt those who attack you in melee.


Message History

No target in view!
You see here a +0 dagger.
You now have 124 gold pieces (gained 15).
You now have 132 gold pieces (gained 8).
p - a fuming grey potion
q - a scroll labelled TUEGAI AZUD
Found a ring mail.
d - 2 scrolls labelled TEOK FOIHAOQ (gained 1)
r - a scroll labelled NIGAOT RYMEGI You now have 140 gold pieces (gained 8).
A hornet zombie comes into view.
Found a stone staircase leading up.
The hornet zombie hits you!
You barely miss the hornet zombie. The hornet zombie hits you!
You barely miss the hornet zombie. The hornet zombie hits you.
You are too injured to fight recklessly!
You are too injured to fight recklessly!
You are too injured to fight recklessly!
You are too injured to fight recklessly!
You are too injured to fight recklessly!
You are too injured to fight recklessly!
You hit the hornet zombie. Your headbutt misses the hornet zombie.
The hornet zombie is lightly damaged.
The hornet zombie closely misses you.
You hit the hornet zombie.
The hornet zombie is lightly damaged.
The hornet zombie hits you!
* * * LOW HITPOINT WARNING * * *
You hit the hornet zombie.
The hornet zombie is lightly damaged.
The hornet zombie hits you!
* * * LOW HITPOINT WARNING * * *
You completely miss the hornet zombie.
You headbutt the hornet zombie, but do no damage.
The hornet zombie is lightly damaged.
The hornet zombie closely misses you.
Unknown command.
Your skin crawls.
You feel strong-willed. The hornet zombie hits you.
You die...

#...........#
#...........#
#.########.##
#.# #.# #.# #.#
#.# #.# #.# #.#
#.# .# #@#
<.....Z........
####.##########
#


You could see a hornet zombie.

Vanquished Creatures
  2 orc priests (D:2)
  A gnoll (D:1)
  2 adders (D:2)
  A worm (D:2)
  A dart slug (D:1)
  2 orcs (D:2)
  4 ball pythons (D:1)
  5 bats
  2 endoplasms
  2 giant cockroaches
  3 hobgoblins (D:2)
  6 jackals (D:1)
  4 kobolds
  2 frilled lizards
  3 goblins
  2 rats
42 creatures vanquished.

Notes
Turn   | Place    | Note
-------+----------+-------------------------------------------
     0 | D:1      | Kranky the Minotaur Berserker began the quest for the Orb.
     0 | D:1      | Reached XP level 1. HP: 19/19 MP: 0/0
    64 | D:1      | Found a faded altar of an unknown god.
   247 | D:1      | Reached XP level 2. HP: 23/27 MP: 1/1
   582 | D:1      | Reached XP level 3. HP: 34/34 MP: 2/2
   930 | D:2      | Reached skill level 5 in Polearms
   930 | D:2      | Reached XP level 4. HP: 36/41 MP: 3/3
  1018 | D:2      | Reached ** piety under Trog
  1040 | D:2      | Reached skill level 5 in Fighting
  1738 | D:3      | HP: 1/42 [hornet zombie (11)]
  1740 | D:3      | Slain by a hornet zombie

Illustrated notes

Levels and vault maps discovered:
D:1:      ncdulo_smallfort, layout_loops_cross,
          chequers_ecumenical_altar_simple_redux
D:2:      layout_loops_ring
D:3:      layout_loops_ring, overflow_temple_1_default

Skill      XL: |  1  2  3  4 |
---------------+-------------+-----
Fighting       | 4 5 |  5.1
Polearms       | 4 5 |  5.5
Armour         | 3 |  3.0
Dodging        | |  2.1

Action                   |  1- 3 |  4- 6 || total
-------------------------+-------+-------++-------
Melee: Spear             |    65 |    48 ||   113
       Headbutt          |     5 |     6 ||    11
       Punch             |       |     2 ||     2
Invok: Trog's Hand       |       |     1 ||     1
Armor: Animal skin       |     9 |       ||     9
       Ring mail         |     3 |     6 ||     9
Dodge: Dodged            |    24 |    11 ||    35
